 Dungeon Crawl Stone Soup version 0.29.1-2-gbd0b4ee654 (webtiles) character file.

Game seed: 11306256450446179840

79 MisterFreud the Twirler (level 4, 0/33 HPs)
             Began as a Formicid Gladiator on Oct 23, 2022.
             Slain by a gnoll
             ... wielding a +0 flail
              (9 damage)
             ... on level 2 of the Dungeon.
             The game lasted 00:02:54 (1929 turns).

MisterFreud the Twirler (Formicid Gladiator)        Turns: 1929, Time: 00:02:55

Health: 0/33       AC:  4    Str: 21    XL:     4   Next: 62%
Magic:  4/4        EV: 12    Int:  7    God:
Gold:   51         SH:  5    Dex: 15    Spells: 3/3 levels left

rFire   . . .      SeeInvis +   a - +0 quarterstaff
rCold   . . .      Faith    .   i - +0 buckler
rNeg    . . .      Spirit   .   b - +0 leather armour
rPois   .          Reflect  .   (helmet unavailable)
rElec   .          Harm     .   e - +0 cloak
rCorr   .          Rampage  .   (no gloves)
Will    .....                   (no boots)
Stlth   +.........              (no amulet)
HPRegen 0.11/turn               (no ring)
MPRegen 0.09/turn               (no ring)

@: no status effects
A: permanent stasis, dig shafts and tunnels, antennae 3, four strong arms
a: Dig, Shaft Self


You were on level 2 of the Dungeon.
You visited 1 branch of the dungeon, and saw 3 of its levels.

You collected 126 gold pieces.
You spent 75 gold pieces at shops.

Inventory:

Hand Weapons
 a - a +0 quarterstaff (weapon)
Missiles
 c - 3 throwing nets (quivered)
 d - 4 javelins
 h - 3 curare-tipped darts
 k - 2 boomerangs
 n - 8 poisoned darts
 o - 2 atropa-tipped darts
Armour
 b - a +0 leather armour (worn)
 e - a +0 cloak (worn)
 i - a +0 buckler (worn)
Wands
 s - a wand of roots (7)
Scrolls
 f - a scroll of fog
 j - a scroll of teleportation
 m - a scroll of noise {unknown}
 q - a scroll of fear {unknown}
Potions
 g - 3 potions of curing
 l - 3 potions of lignification
 p - a potion of ambrosia {unknown}
 r - a potion of attraction {unknown}


   Skills:
 - Level 2.1 Fighting
 + Level 4.5 Staves
 - Level 2.0 Throwing
 - Level 2.6 Dodging
 + Level 2.6 Shields


You had 3 spell levels left.
You didn't know any spells.
Your spell library contained the following spells:

 Spells                   Type           Power      Damage    Failure   Level
 Ignite Poison            Fire/Tmut/Pois 0%         N/A       90%         3
 Mephitic Cloud           Conj/Pois/Air  0%         N/A       90%         3
 Freezing Cloud           Conj/Ice/Air   0%         6-21      100%        5


Dungeon Overview and Level Annotations

Branches:
Dungeon (3/15)

Altars:

Shops:
D:1 [(*   D:2 (

Annotations:
D:2 1 runed translucent door, Crazy Yiuf


Innate Abilities, Weirdness & Mutations

You cannot be hasted, slowed, berserked, paralysed or teleported.
You can dig through walls and to a lower floor.
You have a pair of large antennae on your head. (SInv)
Your four strong arms can wield two-handed weapons with a shield.


Message History

You kill the hobgoblin!
You closely miss the gnoll. The gnoll closely misses you.
You block the frilled lizard's attack.
There are monsters nearby!
You closely miss the gnoll. The frilled lizard barely misses you.
You block the goblin's attack.
There are monsters nearby!
You hit the gnoll.
The gnoll is heavily wounded.
You block the gnoll's attack.
The frilled lizard bites you but does no damage.
The goblin barely misses you.
There are monsters nearby!
You hit the gnoll.
The gnoll is almost dead.
You block the gnoll's attack. The gnoll barely misses you.
The frilled lizard bites you but does no damage.
The goblin closely misses you.
There are monsters nearby!
The gnoll attacks as you move away! You block the gnoll's attack.
The frilled lizard closely misses you. You block the goblin's attack.
The gnoll attacks as you move away! The gnoll hits you with a +0 club.
The goblin hits you but does no damage. The goblin attacks as you move away!
The goblin misses you.
The frilled lizard attacks as you move away!
The frilled lizard barely misses you. The gnoll hits you with a +0 flail!
The gnoll attacks as you move away! The gnoll hits you with a +0 club.
You block the gnoll's attack.
There is a stone staircase leading up here.
You climb upwards.
Level annotation: 1 runed translucent door, Crazy Yiuf
There is a stone staircase leading down here.
You closely miss the gnoll.
The gnoll is almost dead.
The gnoll closely misses you. The gnoll hits you with a +0 flail!
* * * LOW HITPOINT WARNING * * *
The gnoll closely misses you.
Are you sure you want to shaft yourself?
The gnoll barely misses you. The gnoll hits you with a +0 flail!
You die...

.................##.........####.
.........#....#........#...####..
.......(.#.......##....###......#
................###....# #..#..##
#..........##...###....####...###
.<.∩.8.#...###......##...........
####...#...........#####.........
####...#...##...gg.# #......####
#......#...##...@g.####......#...
.............................#...
.#####..##....#.)..###########..♣
## ##.########.#.#### #..♣
#######.## #.......# #).♣
...>.....# #.......# #†.♣
######.#.# #.....(.# #..♣ #...#
#.......##### #..♣ ##..#
#...........# #...


You could see 3 gnolls.

Vanquished Creatures
  Jessica (D:2)
  2 adders
  2 bats
  4 endoplasms
  2 giant cockroaches (D:1)
  4 goblins
  5 hobgoblins
  3 jackals (D:1)
  4 ball pythons
  4 frilled lizards
  3 rats
34 creatures vanquished.

Vanquished Creatures (others)
  A fungus (D:2)
1 creature vanquished.

Grand Total: 35 creatures vanquished

Notes
Turn   | Place    | Note
-------+----------+-------------------------------------------
     0 | D:1      | MisterFreud the Formicid Gladiator began the quest for the
                  | Orb.
     0 | D:1      | Reached XP level 1. HP: 16/16 MP: 1/1
    47 | D:1      | Reached XP level 2. HP: 7/22 MP: 2/2
   255 | D:1      | Found Umux's Antique Armour Boutique.
   305 | D:1      | You fall into a shaft and drop 1 floor!
   613 | D:1      | Reached XP level 3. HP: 26/27 MP: 3/3
   665 | D:1      | Found Pokuj's Antique Weapon Shop.
   697 | D:1      | Found a faded altar of an unknown god.
   739 | D:1      | Reached skill level 4 in Staves
   928 | D:1      | Reached skill level 1 in Shields
  1161 | D:1      | Found Ymujah's Assorted Antiques.
  1168 | D:1      | Bought a scroll labelled OTAXAN FIMU for 26 gold pieces
  1168 | D:1      | Bought a scroll labelled BEYFUKU XOTH for 26 gold pieces
  1168 | D:1      | Bought a fuming clear potion for 23 gold pieces
  1368 | D:2      | Noticed Jessica
  1376 | D:2      | Killed Jessica
  1377 | D:2      | Reached XP level 4. HP: 32/33 MP: 4/4
  1441 | D:2      | Found Tofrunuf's Weapon Shoppe.
  1663 | D:2      | Found a runed translucent door.
  1664 | D:2      | Noticed Crazy Yiuf
  1929 | D:2      | Slain by a gnoll

Illustrated notes

Levels and vault maps discovered:
D:1:      minmay_arrival_three_doors, layout_rooms, serial_shops,
          nicolae_shop_statue_plus, shop, nicolae_shop_overgrown_old_shop,
          shapermc_ecumenical_altar_ellora
D:2:      layout_rooms, serial_shops, shop_statue, minmay_liquid_box,
          kennysheep_pointless_box, uniq_jessica, uniq_crazy_yiuf_cottage
D:3:      layout_basic

Skill      XL: |  1  2  3 |
---------------+----------+-----
Staves         | 4 |  4.5
Shields        | 2 |  2.6
Fighting       | |  2.1
Throwing       | |  2.0
Dodging        | |  2.6

Action                   |  1- 3 |  4- 6 || total
-------------------------+-------+-------++-------
Melee: Quarterstaff      |    84 |    30 ||   114
 Abil: Shaft Self        |     1 |     1 ||     2
  Use: Scroll            |     8 |       ||     8
 Stab: Sleeping          |     1 |       ||     1
Armor: Leather armour    |    23 |     7 ||    30
Dodge: Dodged            |    55 |    20 ||    75
Block: Buckler           |    11 |    12 ||    23
